 Dungeon Crawl Stone Soup version 0.18.1-50-g88ac8fd (webtiles) character file.

2225 nowai the Destroyer (level 9, -1/51 HPs)
             Began as an Octopode Wizard on Oct 1, 2016.
             Succumbed to a water moccasin's poison
             ... on level 7 of the Dungeon.
             The game lasted 00:50:43 (7368 turns).

nowai the Destroyer (Octopode Wizard)               Turns: 7368, Time: 00:50:43

Health: -1/51      AC:  1    Str:  7    XL:     9   Next: 35%
Magic:  3/16       EV: 11    Int: 23    God:
Gold:   176        SH:  0    Dex: 10    Spells: 5 memorised, 7 levels left

rFire  + . .     SeeInvis .     F - +0 trident
rCold  + . .     Gourm    .     (no shield)
rNeg   . . .     Faith    .     a - +0 hat
rPois  +         Spirit   .     n - amulet of regeneration
rElec  +         Dismiss  .     (no ring)
rCorr  +         Reflect  .     (no ring)
SustAt .         Harm     .     (no ring)
MR     .....                    (no ring)
Stlth  +++.......               (no ring)
                                (no ring)
                                (no ring)
                                (no ring)

@: lethally poisoned (-1 -> -12), resistant, flying, drained, not resistant to
hostile enchantments, fairly stealthy
A: almost no armour, amphibious, 8 rings, constrict 8, camouflage 1, gelatinous
body 1
a: no special abilities


You were on level 7 of the Dungeon.
You were not hungry.

You visited 2 branches of the dungeon, and saw 8 of its levels.

You collected 176 gold pieces.

Inventory:

Hand Weapons
 e - a +0 dagger
 y - a +0 short sword
 A - a +0 spear
 D - a +0 halberd
 F - a +0 trident (weapon)
 P - a +2 hand axe of holy wrath
Missiles
 g - 64 stones (quivered)
 o - 34 bolts
 s - 87 arrows
 u - 42 sling bullets
 v - 5 large rocks
 M - 5 tomahawks
Armour
 a - a +0 hat (worn)
Jewellery
 n - an amulet of regeneration (around mantle)
Wands
 r - a wand of flame (30/48)
 I - a wand of iceblast (10/15)
 J - a wand of flame (19/48)
Scrolls
 d - 2 scrolls of identify {unknown}
 h - 2 scrolls of enchant weapon {unknown}
 l - a scroll of fear {unknown}
 t - a scroll of remove curse {unknown}
 x - a scroll of noise {unknown}
 z - a scroll of magic mapping {unknown}
 B - a scroll of teleportation {unknown}
 E - a scroll of blinking {unknown}
 H - a scroll of summoning {unknown}
 O - 2 scrolls of recharging {unknown}
Potions
 f - a potion of resistance
 j - 2 potions of curing {unknown}
 k - a potion of cure mutation {unknown}
 m - a potion of haste {unknown}
 q - a potion of brilliance {unknown}
 G - 3 potions of flight
 K - a potion of degeneration {unknown}
Books
 b - a book of Minor Magic

   Spells                             Type                      Level
   a - Magic Dart                     Conjuration                  1
   b - Blink                          Translocation                2
   c - Call Imp                       Summoning                    2
   d - Repel Missiles                 Charms/Air                   2
   e - Slow                           Hexes                        2
   f - Conjure Flame                  Conjuration/Fire             3
   g - Mephitic Cloud                 Conjuration/Poison/Air       3
 w - a book of Transfigurations

   Spells                             Type                      Level
   a - Irradiate                      Conjuration/Transmutation    5
   b - Statue Form                    Transmutation/Earth          6
   c - Hydra Form                     Transmutation                6
   d - Dragon Form                    Transmutation                7
 L - a book of Necromancy

   Spells                             Type                      Level
   a - Pain                           Necromancy                   1
   b - Animate Skeleton               Necromancy                   1
   c - Vampiric Draining              Necromancy                   3
   d - Regeneration                   Charms/Necromancy            3
   e - Animate Dead                   Necromancy                   4
   f - Control Undead                 Necromancy                   4
Miscellaneous
 p - a plain deck of escape
Comestibles
 c - 7 bread rations
 i - 3 beef jerkies
 C - a slice of pizza
 N - 3 meat rations


   Skills:
 - Level 2.0(1.3) Dodging
 - Level 2.6(2.0) Stealth
 - Level 5.0(4.3) Spellcasting
 * Level 8.2(7.4) Conjurations
 - Level 3.1(2.4) Charms
   Level 1.0(0.3) Summonings
 - Level 3.0(2.3) Translocations
 - Level 3.0(2.3) Fire Magic
 - Level 3.0(2.3) Air Magic
 - Level 5.0(4.3) Poison Magic


You had 7 spell levels left.
You knew the following spells:

 Your Spells              Type           Power        Failure   Level  Hunger
a - Magic Dart            Conj           ####         1%          1    None
b - Mephitic Cloud        Conj/Pois/Air  ####....     6%          3    ##.....
c - Conjure Flame         Conj/Fire      ####....     6%          3    ##.....
d - Blink                 Tloc           N/A          10%         2    #......
e - Repel Missiles        Chrm/Air       ###...       10%         2    #......


Dungeon Overview and Level Annotations

Branches:
Dungeon (7/15)             Temple (1/1) D:7

Altars:
Ashenzari
Cheibriados
Dithmenos
Elyvilon
Fedhas
Gozag
Kikubaaqudgha
Nemelex Xobeh
Okawaru
Ru
Trog
Vehumet
Xom
Yredelemnul
Zin
The Shining One

Shops:
D:4 *   D:5 [

Annotations:
D:3 CALLOUS's ghost, amateur KoWr
D:6 1 exclusion, Crazy Yiuf


Innate Abilities, Weirdness & Mutations

You cannot wear most types of armour.
You are amphibious.
You can wear up to eight rings at the same time.
You can use your tentacles to constrict eight enemies at once.
Your skin changes colour to match your surroundings (Stealth).
Your rubbery body absorbs attacks (AC +1).


Message History

* * * LOW HITPOINT WARNING * * *
The orc wizard points at you and mumbles some strange words.
The magic dart hits you!
* * * LOW HITPOINT WARNING * * *
You see here 5 tomahawks.
Drink which item? (? for menu, Esc to quit)
It was a potion of flight.
You feel very buoyant.
You fly up into the air.
You feel sick. The water moccasin misses you. The water moccasin bites you.
* * * LOW HITPOINT WARNING * * *
You are more poisoned.
The water moccasin poisons you!
The orc wizard hits you but does no damage.
Read which item? (? for menu, Esc to quit)
Okay, then.
Drink which item? (? for menu, Esc to quit)
It was a potion of resistance.
You feel protected.
You die...

.... ##########
.....##...##...## .
....#.........>## .. #
#.............#
...#.#...o(......>.# ##
...#?.)..........##### .#
......(..S.....o......
##.####
#.##......##<.>######.
o.....# .###.##.@.#####..##
.<.# ........#.zSo#..§o.##
..........###O..oz..######
...##.#...............)....
o... .#...###.##.#.#.######
$.#.........#.#..#....#
...... #...#.####...#
#........###....# #...#
.......#.o..<..## #..#


You could see a water moccasin, an ogre (confused), 2 wights, 2 orc wizards, an
adder (confused) and an orc.

Vanquished Creatures
  A hippogriff (D:6)
  3 orc warriors
  3 ogres
  A centaur (D:5)
  Blork the orc (D:6)
  A gnoll sergeant (D:5)
  6 giant frogs
  A water moccasin zombie (D:5)
  A scorpion (D:4)
  2 howler monkeys (D:6)
  A wight (D:6)
  3 crimson imps
  An orc priest (D:6)
  A hound (D:6)
  4 orc wizards
  2 giant frog skeletons
  2 jellies (D:5)
  A centaur skeleton (D:4)
  8 worker ants
  A hound zombie (D:5)
  A howler monkey zombie (D:6)
  A worker ant zombie (D:6)
  6 adders
  3 gnolls (D:5)
  A shadow imp (D:6)
  An ooze (D:6)
  An adder skeleton (D:4)
  4 worms
  2 dart slugs
  3 giant geckos
  20 orcs
  2 ball pythons
  2 bats
  8 giant cockroaches
  3 goblins
  3 hobgoblins
  11 jackals
  5 kobolds
  4 quokkas
  A giant newt (D:4)
  A quokka skeleton (D:4)
  7 rats
134 creatures vanquished.

Vanquished Creatures (others)
  An orc priest (D:6)
1 creature vanquished.

Grand Total: 135 creatures vanquished

Notes
Turn   | Place    | Note
--------------------------------------------------------------
     0 | D:1      | nowai the Octopode Wizard began the quest for the Orb.
     0 | D:1      | Reached XP level 1. HP: 11/11 MP: 4/4
   106 | D:1      | Reached skill level 2 in Conjurations
   106 | D:1      | Reached XP level 2. HP: 14/17 MP: 1/6
   489 | D:2      | Reached XP level 3. HP: 17/21 MP: 4/7
   496 | D:1      | Learned a level 3 spell: Mephitic Cloud
   500 | D:1      | Learned a level 3 spell: Conjure Flame
   556 | D:2      | Reached skill level 1 in Poison Magic
   644 | D:2      | Reached skill level 3 in Conjurations
   884 | D:2      | Reached skill level 1 in Air Magic
  1032 | D:3      | Reached XP level 4. HP: 21/27 MP: 8/8
  1237 | D:3      | Learned a level 2 spell: Blink
  1279 | D:3      | Noticed CALLOUS's ghost (amateur KoWr)
  1445 | D:3      | Found a bloodstained altar of Trog.
  1490 | D:4      | Found a white marble altar of Elyvilon.
  1491 | D:4      | Found a glowing silver altar of Zin.
  1492 | D:4      | Found a glowing golden altar of the Shining One.
  1573 | D:4      | Noticed Blork the orc
  1609 | D:4      | Noticed an ogre
  1667 | D:3      | Found a sparkling altar of Nemelex Xobeh.
  1845 | D:4      | Killed an ogre
  1845 | D:4      | Reached XP level 5. HP: 21/31 MP: 2/9
  1959 | D:4      | Reached XP level 6. HP: 26/36 MP: 6/10
  2224 | D:4      | Reached skill level 5 in Poison Magic
  2586 | D:4      | Found a shattered altar of Ashenzari.
  2590 | D:4      | Found Cuddagav's Assorted Antiques.
  2726 | D:4      | Noticed an ice beast
  3364 | D:4      | Reached skill level 4 in Conjurations
  3364 | D:4      | Reached skill level 1 in Fire Magic
  3364 | D:4      | Reached XP level 7. HP: 40/41 MP: 4/11
  3641 | D:5      | Entered Level 5 of the Dungeon
  3651 | D:5      | Found an opulent altar of Gozag.
  3790 | D:5      | Found Loiteroepn's Armour Shoppe.
  4352 | D:5      | Learned a level 2 spell: Repel Missiles
  4531 | D:5      | Reached skill level 1 in Charms
  4675 | D:5      | Reached skill level 5 in Conjurations
  4675 | D:5      | Reached XP level 8. HP: 46/46 MP: 7/13
  5356 | D:5      | Found an iron altar of Okawaru.
  5457 | D:6      | Found an ancient bone altar of Kikubaaqudgha.
  5582 | D:6      | Killed Blork the orc
  5749 | D:6      | Found a shadowy altar of Dithmenos.
  6047 | D:6      | Reached skill level 5 in Spellcasting
  6251 | D:6      | Reached skill level 6 in Conjurations
  6260 | D:6      | Reached XP level 9. HP: 46/51 MP: 7/16
  6385 | D:6      | Reached skill level 7 in Conjurations
  6597 | D:6      | Noticed Crazy Yiuf
  6650 | D:7      | Found a staircase to the Ecumenical Temple.
  6666 | Temple   | Entered the Ecumenical Temple
  7326 | D:7      | Reached skill level 8 in Conjurations
  7367 | D:7      | HP: 1/51 [water moccasin (5)]
  7368 | D:7      | Succumbed to a water moccasin's poison

Skill      XL: |  1  2  3  4  5  6  7  8  9 |
---------------+----------------------------+-----
Conjurations   | 2 3 4 5 6 8 |  8.2
Poison Magic   | 1 4 5 |  5.0
Air Magic      | 1 2 3 |  3.0
Fire Magic     | 1 2 3 |  3.0
Translocations | 2 3 |  3.0
Charms         | 1 3 |  3.1
Spellcasting   | 5 |  5.0
Dodging        | |  2.0
Stealth        | |  2.6
Summonings     | |  1.0

Action                   |  1- 3 |  4- 6 |  7- 9 || total
-------------------------+-------+-------+-------++-------
Melee: Dagger            |    31 |    92 |    61 ||   184
       Constrict         |     8 |    21 |    48 ||    77
       Tentacles         |     5 |    11 |    29 ||    45
       Trident           |       |       |   184 ||   184
 Cast: Magic Dart        |    53 |    49 |    50 ||   152
       Mephitic Cloud    |       |    10 |    38 ||    48
       Conjure Flame     |       |     4 |    11 ||    15
       Blink             |       |     4 |     8 ||    12
       Repel Missiles    |       |       |     2 ||     2
  Use: Potion            |       |       |     2 ||     2
 Stab: Sleeping          |     3 |     2 |     5 ||    10
       Confused          |       |     8 |    16 ||    24
  Eat: Chunk             |       |     7 |    16 ||    23
       Pizza             |       |       |     1 ||     1
Armor: Skin              |     3 |     1 |    11 ||    15
Dodge: Dodged            |    15 |    31 |    91 ||   137
       Deflected         |       |       |     8 ||     8
